[Event "Titled Tuesday Blitz October 26 2021"]
[White "Dorokhin, Mykhailo"]
[Black "Shipov, Sergei"]
[WhiteFideId "14114178"]
[BlackFideId "4113624"]
[WhiteElo "2280"]
[BlackElo "2793"]
[Result "0-1"]
[Round "03"]
[TimeControl "180+1"]
[Date "2021.10.26"]
[WhiteClock "0:00:20"]
[BlackClock "0:01:19"]

1. d4 d5 2. Nf3 e6 3. Bf4 Bd6 4. e3 c5 5. c3 Nf6 6. Be2 Bxf4 7. exf4 Qc7 8. Ne5 Nc6 9. O-O O-O 10. Nxc6 bxc6 11. g3 cxd4 12. cxd4 Qb6 13. b3 c5 14. dxc5 Qxc5 15. Nd2 Bd7 16. Rc1 Qa3 17. Qc2 Rfc8 18. Qb1 h6 19. Nf3 Ne4 20. Ne5 Nd2 21. Qd3 Rxc1 22. Qxd2 Rxf1+ 23. Bxf1 Be8 24. Bd3 Rc8 25. Kg2 Qc1 26. Qa5 Qc5 27. Qa6 Rb8 28. Bb1 Bb5 29. Nd3 Qxf2+ 30. Kxf2 Bxa6 31. Nc5 Bb5 32. Ke3 a5 33. Kd4 Kf8 34. a4 Be8 35. f5 Ke7 36. fxe6 fxe6 37. Ke5 Bf7 38. Bd3 Rc8 39. Nb7 Rc3 40. Bb5 Re3+ 41. Kd4 Rxb3 42. Nxa5 Ra3 43. Nb7 Be8 44. Bxe8 Kxe8 45. a5 Kd7 46. Ke5 Re3+ 47. Kf4 Re4+ 48. Kf3 Kc6 49. a6 Kb6 50. Nd8 Kxa6 0-1


[Site "https://www.chess.com"]

[Event "Titled Tuesday Blitz October 26 2021"]
[White "Fawzy, Adham"]
[Black "Andreikin, Dmitry"]
[WhiteFideId "10613129"]
[BlackFideId "4158814"]
[WhiteElo "2504"]
[BlackElo "2736"]
[Result "1/2-1/2"]
[Round "03"]
[TimeControl "180+1"]
[Date "2021.10.26"]
[WhiteClock "0:01:20"]
[BlackClock "0:01:16"]

1. e4 g6 2. c4 Bg7 3. Nc3 e6 4. g3 Ne7 5. Bg2 O-O 6. Nge2 d5 7. exd5 exd5 8. cxd5 c6 9. d4 Nxd5 10. O-O Nb6 11. Bf4 Be6 12. Be5 Na6 13. Bxg7 Kxg7 14. Nf4 Bc4 15. Re1 Nc7 16. b3 Be6 17. Qd2 Re8 18. Ne4 Bd5 19. Nc5 Bxg2 20. Kxg2 Rb8 21. Rxe8 Qxe8 22. Nh5+ gxh5 23. Qg5+ Kh8 24. Qf6+ Kg8 25. Qg5+ Kh8 26. Qf6+ Kg8 27. Qg5+ Kf8 28. Qh6+ Kg8 29. Qg5+ 1/2-1/2


[Site "https://www.chess.com"]

[Event "Titled Tuesday Blitz October 26 2021"]
[White "Ghimpu, Samuel-Timotei"]
[Black "Steven_Rojas"]
[WhiteFideId "1238175"]
[WhiteElo "2012"]
[BlackElo "2548"]
[Result "1-0"]
[Round "03"]
[TimeControl "180+1"]
[Date "2021.10.26"]
[WhiteClock "0:00:09"]
[BlackClock "0:00:39"]

1. b3 f5 2. Bb2 e6 3. g3 Nf6 4. Bg2 d5 5. d3 Bd6 6. Nf3 Nbd7 7. O-O e5 8. c4 c6 9. cxd5 cxd5 10. Nc3 a6 11. Rc1 d4 12. Nb1 O-O 13. Nbd2 Nb6 14. a4 Be6 15. a5 Nbd7 16. Ng5 Bd5 17. Nc4 Qe7 18. Nxd6 Qxd6 19. Qd2 Rfc8 20. e3 Bxg2 21. Kxg2 Nc5 22. Ba3 Qd5+ 23. Nf3 Nxb3 24. Rxc8+ Rxc8 25. Qb2 dxe3 26. fxe3 Qxd3 27. Nxe5 Qe4+ 28. Kh3 Rc2 29. Qxb3+ Nd5 30. Rf3 Qxe5 31. Qxc2 Qe6 32. Qc5 Qf7 33. Kg2 h6 34. Qc8+ Qf8 35. Qxf8+ Kh7 36. Qxf5+ 1-0


[Site "https://www.chess.com"]

[Event "Titled Tuesday Blitz October 26 2021"]
[White "Gokerkan, Cem Kaan"]
[Black "Bartel, Michal"]
[WhiteFideId "6336760"]
[BlackFideId "1119257"]
[WhiteElo "2382"]
[BlackElo "2211"]
[Result "1-0"]
[Round "03"]
[TimeControl "180+1"]
[Date "2021.10.26"]
[WhiteClock "0:02:02"]
[BlackClock "0:01:34"]

1. e4 e5 2. Nf3 Nc6 3. Bc4 g6 4. O-O Bg7 5. c3 Nge7 6. d4 d6 7. dxe5 dxe5 8. Qe2 O-O 9. Rd1 Qe8 10. Na3 a6 11. h3 h6 12. Nc2 Kh7 13. Nb4 Nxb4 14. cxb4 Bd7 15. Be3 Nc6 16. Bc5 Rg8 17. Rac1 b6 18. Be3 Nxb4 19. a3 Nc6 20. Bxa6 Ra7 21. Rxd7 Qxd7 22. Bb5 Rd8 23. Bxc6 Qd3 24. Qxd3 Rxd3 25. Bd5 f5 26. Ne1 Rxd5 27. exd5 e4 28. Bf4 Bxb2 29. Rxc7+ Rxc7 30. Bxc7 Bxa3 31. d6 1-0


[Site "https://www.chess.com"]

[Event "Titled Tuesday Blitz October 26 2021"]
[White "Gupta, Abhijeet"]
[Black "Matinian, Nikita"]
[WhiteFideId "5010608"]
[BlackFideId "24129100"]
[WhiteElo "2549"]
[BlackElo "2464"]
[Result "1-0"]
[Round "03"]
[TimeControl "180+1"]
[Date "2021.10.26"]
[WhiteClock "0:00:32"]
[BlackClock "0:00:03"]

1. d4 Nf6 2. c4 g6 3. Nc3 d5 4. Nf3 Bg7 5. cxd5 Nxd5 6. e4 Nxc3 7. bxc3 c5 8. Bb5+ Nc6 9. Rb1 O-O 10. d5 Bxc3+ 11. Bd2 Bxd2+ 12. Qxd2 Nd4 13. Nxd4 cxd4 14. Qxd4 a6 15. Be2 b5 16. O-O Bd7 17. e5 Rc8 18. h4 Qa5 19. h5 Bf5 20. Rbc1 Qxa2 21. Bf3 Qa4 22. Qa7 Rxc1 23. Rxc1 Qa3 24. Rd1 Bc2 25. Re1 gxh5 26. Re3 Qb4 27. Qc7 Bf5 28. d6 exd6 29. exd6 Rc8 30. d7 Bxd7 31. Qxd7 Rc1+ 32. Bd1 h4 33. Qe8+ Kg7 34. Qe5+ Kg6 35. Qh5+ Kf6 36. Rf3+ Ke7 37. Qxf7+ Kd8 38. Rd3+ Kc8 39. Qe8+ Kb7 40. Rd7+ Rc7 41. Bf3+ 1-0


[Site "https://www.chess.com"]

[Event "Titled Tuesday Blitz October 26 2021"]
[White "Haitin, Ilja"]
[Black "Gabrielian, Artur"]
[WhiteFideId "4501764"]
[BlackFideId "4131002"]
[WhiteElo "2206"]
[BlackElo "2489"]
[Result "1-0"]
[Round "03"]
[TimeControl "180+1"]
[Date "2021.10.26"]
[WhiteClock "0:00:07"]
[BlackClock "0:00:40"]

1. e4 c5 2. c3 Nf6 3. e5 Nd5 4. Nf3 d6 5. exd6 Qxd6 6. d4 cxd4 7. Qxd4 Nc6 8. Bb5 Bd7 9. Bxc6 Bxc6 10. O-O O-O-O 11. Qxa7 Nc7 12. Nd4 e5 13. Nxc6 Qxc6 14. Be3 Qa6 15. Qxa6 bxa6 16. Nd2 Nd5 17. Nc4 Nxe3 18. fxe3 f6 19. Rfd1 Bc5 20. Kf1 Kc7 21. Ke2 e4 22. Rxd8 Rxd8 23. Rd1 Re8 24. b4 Ba7 25. Rd6 Kb8 26. Na5 Rc8 27. c4 Kc7 28. Rxa6 Bb6 29. c5 Bxa5 30. Rxa5 Kc6 31. Ra7 Kb5 32. a3 Rd8 33. Rxg7 Rd3 34. Rb7+ Kc6 35. Rb6+ Kc7 36. Ra6 Rb3 37. Rxf6 Rb2+ 38. Kf1 Rb3 39. Kf2 Rb2+ 40. Kg3 Re2 41. Kf4 Rf2+ 42. Ke5 Rxg2 43. Rf7+ Kc6 44. Rxh7 Ra2 45. Kxe4 Rxa3 46. Rh4 Rb3 47. Kf3 Kd5 48. Rf4 Ke5 49. h4 Rb1 50. Re4+ Kf5 51. Rc4 Rf1+ 52. Ke2 Rh1 53. c6 Rh2+ 54. Kd3 Ke5 55. c7 Rh1 56. c8=Q Rd1+ 57. Ke2 Rd5 58. Qc5 Rxc5 59. Rxc5+ Ke4 60. Rc4+ Ke5 61. Rd4 Kf5 62. b5 Kg6 63. b6 Kf7 64. b7 Kf6 65. b8=Q 1-0


[Site "https://www.chess.com"]

[Event "Titled Tuesday Blitz October 26 2021"]
[White "Hakobyan, Aram"]
[Black "Sydoryka, Vladyslav"]
[WhiteFideId "13306677"]
[BlackFideId "14145928"]
[WhiteElo "2557"]
[BlackElo "2282"]
[Result "0-1"]
[Round "03"]
[TimeControl "180+1"]
[Date "2021.10.26"]
[WhiteClock "0:00:01"]
[BlackClock "0:00:10"]

1. d4 Nf6 2. Nf3 d5 3. c4 e6 4. Nc3 Bb4 5. Bg5 dxc4 6. e4 c5 7. Bxc4 cxd4 8. Nxd4 Bxc3+ 9. bxc3 Qa5 10. Bxf6 Qxc3+ 11. Kf1 gxf6 12. Rc1 Qa5 13. h4 Nd7 14. Rh3 Ne5 15. Bb3 Bd7 16. Qh5 Ke7 17. Kg1 Rac8 18. Rd1 Nc4 19. Qh6 Rhg8 20. Rhd3 Ne5 21. R3d2 Ba4 22. Bxa4 Qxa4 23. f4 Ng4 24. Qxh7 Ne3 25. Nf5+ exf5 26. Rd7+ Qxd7 27. Rxd7+ Kxd7 28. Qxf7+ Kc6 29. Qxf6+ Kb5 30. Qb2+ Kc5 31. Qc3+ Nc4 32. exf5 Rcd8 33. f6 Rd1+ 34. Kh2 Rd2 35. f7 Rf8 36. Kh3 Rxf7 37. a3 Rxf4 38. Qb4+ Kc6 39. Qa4+ b5 40. Qa6+ Nb6 41. Qxa7 Rd3+ 42. g3 Rff3 43. Qb8 Rxa3 44. h5 Rxg3+ 45. Kh4 Rh3+ 46. Kg5 Nd7 47. Qe8 Kc7 0-1


[Site "https://www.chess.com"]

[Event "Titled Tuesday Blitz October 26 2021"]
[White "Hjartarson, Johann"]
[Black "Yoo, Christopher Woojin"]
[WhiteFideId "2300044"]
[BlackFideId "30909694"]
[WhiteElo "2502"]
[BlackElo "2105"]
[Result "0-1"]
[Round "03"]
[TimeControl "180+1"]
[Date "2021.10.26"]
[WhiteClock "0:00:30"]
[BlackClock "0:00:04"]

1. e4 e5 2. Nf3 Nc6 3. Bb5 a6 4. Ba4 Nf6 5. O-O Bc5 6. c3 b5 7. Bb3 d6 8. d4 Bb6 9. Be3 Rb8 10. Nbd2 O-O 11. h3 Re8 12. Re1 Na5 13. Bc2 c5 14. d5 c4 15. Nf1 Nb7 16. Ng3 Bxe3 17. Rxe3 Nc5 18. a3 a5 19. Nd2 Ba6 20. Nf5 g6 21. Rg3 Kf8 22. Ne3 Nh5 23. Rf3 Nf4 24. Kh2 Qc7 25. g3 Nfd3 26. Rb1 Kg7 27. h4 h5 28. b4 cxb3 29. Nxb3 Nxb3 30. Qxd3 Nc5 31. Qd2 Rbc8 32. Rg1 Nd7 33. g4 Rh8 34. g5 Kf8 35. Nd1 Qc5 36. Qc1 Ke7 37. Bd3 Rhf8 38. Qb2 f6 39. gxf6+ Nxf6 40. Kh1 Ng4 41. Rxf8 Rxf8 42. Rg2 Rf3 43. Be2 Nxf2+ 44. Nxf2 Rxf2 45. Rxg6 Qe3 46. Rg2 Qh3+ 0-1


[Site "https://www.chess.com"]

[Event "Titled Tuesday Blitz October 26 2021"]
[White "Indjic, Aleksandar"]
[Black "Trent, Lawrence"]
[WhiteFideId "911925"]
[BlackFideId "408638"]
[WhiteElo "2643"]
[BlackElo "2474"]
[Result "1-0"]
[Round "03"]
[TimeControl "180+1"]
[Date "2021.10.26"]
[WhiteClock "0:01:19"]
[BlackClock "0:01:22"]

1. d4 b6 2. c4 Bb7 3. Nc3 e6 4. a3 f5 5. Nf3 Nf6 6. Bf4 Be7 7. e3 O-O 8. h3 Ne4 9. Nxe4 fxe4 10. Nd2 d5 11. Qg4 Rf6 12. h4 Nd7 13. h5 h6 14. Rh3 c5 15. Rg3 cxd4 16. Qxg7# 1-0


[Site "https://www.chess.com"]

[Event "Titled Tuesday Blitz October 26 2021"]
[White "Jobava, Baadur"]
[Black "Rostovtsev, Dmitry"]
[WhiteFideId "13601520"]
[BlackFideId "34278320"]
[WhiteElo "2731"]
[BlackElo "2294"]
[Result "1-0"]
[Round "03"]
[TimeControl "180+1"]
[Date "2021.10.26"]
[WhiteClock "0:00:39"]
[BlackClock "0:00:05"]

1. e4 Nf6 2. e5 Nd5 3. Nc3 Nxc3 4. dxc3 d6 5. exd6 exd6 6. Be3 Nc6 7. Qd2 Be6 8. Nf3 Be7 9. O-O-O Qd7 10. Bb5 a6 11. Bxc6 Qxc6 12. Nd4 Qd7 13. Rhe1 O-O-O 14. Bg5 Rhe8 15. b3 h6 16. Bxe7 Rxe7 17. Kb2 Rde8 18. Re3 Bd5 19. Rxe7 Rxe7 20. f3 b6 21. c4 Bb7 22. a4 a5 23. Qf4 Re5 24. Nb5 Qe6 25. Rd2 Re1 26. Nd4 Qe5 27. Qxf7 c5 28. Qf5+ Kb8 29. Qxe5 dxe5 30. Nf5 e4 31. fxe4 Bxe4 32. Nxg7 Kc7 33. Ne6+ Kc6 34. Nf4 Rh1 35. g3 Re1 36. Re2 Rxe2 37. Nxe2 Kd6 38. Nf4 Ke5 39. Kc3 Bc6 40. Kd3 Be4+ 41. Kd2 Bc6 42. Ke3 Be4 43. Nd3+ Kf5 44. g4+ Kxg4 45. Kxe4 Kh3 46. Nxc5 Kxh2 47. Nd7 1-0


[Site "https://www.chess.com"]

[Event "Titled Tuesday Blitz October 26 2021"]
[White "Jones, Gawain C B"]
[Black "Rozman, Levy"]
[WhiteFideId "409561"]
[BlackFideId "2039877"]
[WhiteElo "2657"]
[BlackElo "2376"]
[Result "1/2-1/2"]
[Round "03"]
[TimeControl "180+1"]
[Date "2021.10.26"]
[WhiteClock "0:00:08"]
[BlackClock "0:00:49"]

1. e4 c6 2. c4 d5 3. exd5 cxd5 4. cxd5 Nf6 5. Nc3 Nxd5 6. Nf3 e6 7. Bc4 Nxc3 8. bxc3 Qc7 9. Qe2 Be7 10. O-O Nd7 11. d4 Nf6 12. Bg5 O-O 13. Bd3 h6 14. Bh4 b6 15. Bxf6 Bxf6 16. Qe4 g6 17. Qxa8 Bb7 18. Qxa7 Ra8 19. Qxa8+ Bxa8 20. Be2 Bxf3 21. Bxf3 Qxc3 22. d5 Qxa1 23. Rxa1 Bxa1 24. d6 Kf8 25. Bc6 Be5 26. d7 Ke7 27. g3 g5 28. h3 h5 29. g4 hxg4 30. hxg4 Bd4 31. Kg2 Be5 32. Kf3 Bd4 33. Ke2 Bc5 34. f3 Bd6 35. Kd3 Bf4 36. Kc4 Kd8 37. Kb5 Be3 38. Ka6 Bd4 39. Kb7 Be3 40. Bb5 f5 41. Kc6 fxg4 42. fxg4 Bd4 43. Kd6 Be3 44. Kxe6 Bd2 45. Kd5 Bc1 46. Kc6 Be3 47. a4 Bd4 48. Kd5 Be3 49. Bc6 Bf2 50. Ke4 Bc5 51. Kf5 Be3 52. Ke6 Bd2 53. Be4 Be3 54. Bf5 Bd2 55. Ke5 Be3 56. Kd5 Bf2 57. Be6 Be3 58. Ke4 Bf2 59. Bf5 Bc5 60. Kd3 Bd6 61. Kc4 Bf4 62. Kd4 Bd6 63. Kd5 Bf4 64. Kc6 Be3 65. Kb5 Bf2 66. a5 bxa5 67. Kxa5 Be3 68. Kb5 Bf4 69. Kc4 Bc1 70. Kd5 Bf4 71. Ke6 1/2-1/2


[Site "https://www.chess.com"]

[Event "Titled Tuesday Blitz October 26 2021"]
[White "Khoroshev, Nikita"]
[Black "Nesterov, Arseniy"]
[WhiteFideId "14200287"]
[BlackFideId "24198455"]
[WhiteElo "2376"]
[BlackElo "2494"]
[Result "0-1"]
[Round "03"]
[TimeControl "180+1"]
[Date "2021.10.26"]
[WhiteClock "0:00:06"]
[BlackClock "0:00:06"]

1. Nf3 d5 2. c4 c6 3. e3 Nf6 4. b3 e6 5. Bb2 Bd6 6. Be2 O-O 7. O-O b6 8. d4 Bb7 9. Nbd2 Nbd7 10. Rc1 Qe7 11. Ne5 c5 12. f4 cxd4 13. exd4 Ba3 14. Qc2 Bxb2 15. Qxb2 Rac8 16. Rfd1 Rfd8 17. Bf3 Nf8 18. Nf1 Ng6 19. Nxg6 hxg6 20. Qe2 dxc4 21. Bxb7 Qxb7 22. bxc4 Ne8 23. Ne3 Nd6 24. d5 exd5 25. Nxd5 Re8 26. Qf3 Qc6 27. Kh1 Qc5 28. h3 Nf5 29. Kh2 Ne3 30. Nxe3 Rxe3 31. Qb7 Re7 32. Rd7 Rxd7 33. Qxd7 b5 34. Re1 bxc4 35. Re8+ Rxe8 36. Qxe8+ Kh7 37. Qe4 c3 38. Qc2 Qd4 39. Qb3 Qxf4+ 40. Kg1 Qc1+ 41. Kh2 f5 42. Qc4 c2 43. Qh4+ Qh6 44. Qd8 c1=Q 45. g3 Qhd2+ 46. Qxd2 Qxd2+ 47. Kg1 Qxa2 0-1


[Site "https://www.chess.com"]

[Event "Titled Tuesday Blitz October 26 2021"]
[White "Mikhailovsky, Vladimir"]
[Black "Ghazarian, Kirk"]
[WhiteFideId "34105414"]
[BlackFideId "30908604"]
[WhiteElo "2402"]
[BlackElo "2003"]
[Result "0-1"]
[Round "03"]
[TimeControl "180+1"]
[Date "2021.10.26"]
[WhiteClock "0:00:02"]
[BlackClock "0:01:28"]

1. e4 c5 2. Nf3 Nf6 3. e5 Nd5 4. Nc3 e6 5. Nxd5 exd5 6. d4 Nc6 7. dxc5 Bxc5 8. Bd3 d6 9. exd6 Qxd6 10. O-O O-O 11. c3 Re8 12. h3 h6 13. Re1 Bxh3 14. Be3 Bxe3 15. fxe3 Bg4 16. Qd2 Bxf3 17. gxf3 Ne5 18. Be2 Re6 19. Kh1 Qe7 20. Bd1 Qh4+ 0-1


[Site "https://www.chess.com"]

[Event "Titled Tuesday Blitz October 26 2021"]
[White "Milchev, Nikolay"]
[Black "Kobalia, Mikhail"]
[WhiteFideId "2906090"]
[BlackFideId "4119150"]
[WhiteElo "2449"]
[BlackElo "2590"]
[Result "0-1"]
[Round "03"]
[TimeControl "180+1"]
[Date "2021.10.26"]
[WhiteClock "0:00:17"]
[BlackClock "0:00:03"]

1. Nf3 Nf6 2. c4 g6 3. Nc3 Bg7 4. e4 O-O 5. d4 d6 6. h3 e5 7. dxe5 dxe5 8. Be3 Nbd7 9. Be2 Nh5 10. c5 Nf4 11. g3 Ng2+ 12. Kf1 Nxe3+ 13. fxe3 Nxc5 14. Kg2 c6 15. Rc1 Qb6 16. Qc2 Ne6 17. Nd1 f5 18. exf5 gxf5 19. Bc4 Kh8 20. Qb3 Qxb3 21. Bxb3 a5 22. a4 Ra6 23. Bc4 Rb6 24. b3 Rb4 25. Nc3 e4 26. Nh4 Nc5 27. Na2 Nxb3 28. Nxb4 Nxc1 29. Nxc6 bxc6 30. Rxc1 Rd8 31. Rc2 Bh6 32. Kf2 Rd1 33. Be2 Rd6 34. Rc5 Bg5 35. Nxf5 Rd5 36. Rxd5 cxd5 37. Nd4 Bf6 38. Nc6 Bc3 39. h4 Kg7 40. Ne7 Be6 41. Bb5 Kf6 42. Nc6 Bg4 43. Be2 Bxe2 44. Kxe2 h5 45. Na7 Kf5 46. Nb5 Be5 47. Kf2 Kg4 48. Kg2 Bxg3 49. Nc3 Bxh4 50. Nxd5 Bg5 51. Nc3 Kf5 52. Kf2 h4 53. Nd5 Ke5 54. Nb6 h3 55. Nc4+ Kd5 56. Nxa5 Bxe3+ 57. Kg3 Bd2 58. Nb3 e3 59. Kxh3 e2 60. Nxd2 e1=Q 61. Nf3 Qf1+ 62. Kg3 Kc6 63. Kf4 Qc4+ 64. Ke5 Kb7 65. Nd4 Qxa4 66. Kd5 Qa5+ 67. Kc4 Qe5 68. Nb5 Kb6 69. Nc3 Qc5+ 70. Kd3 Qd6+ 71. Kc4 Qc6+ 72. Kb4 Qc5+ 73. Kb3 Ka5 74. Na2 Qd5+ 75. Ka3 Qd3+ 76. Kb2 Ka4 77. Nc1 Qd2+ 78. Kb1 Ka3 79. Nd3 Qd1+ 80. Nc1 Qa4 81. Ka1 Qd4+ 82. Kb1 Qb2# 0-1


[Site "https://www.chess.com"]

[Event "Titled Tuesday Blitz October 26 2021"]
[White "Mirzoev, Azer"]
[Black "Zhigalko, Sergei"]
[WhiteFideId "13400304"]
[BlackFideId "13502956"]
[WhiteElo "2525"]
[BlackElo "2662"]
[Result "1-0"]
[Round "03"]
[TimeControl "180+1"]
[Date "2021.10.26"]
[WhiteClock "0:00:18"]
[BlackClock "0:00:02"]

1. c4 e5 2. Nc3 Nf6 3. e3 Nc6 4. Nf3 Bb4 5. Nd5 Ba5 6. Qc2 d6 7. a3 Nxd5 8. cxd5 Ne7 9. Qa4+ c6 10. dxc6 bxc6 11. b4 Bb6 12. Bb2 O-O 13. Be2 a5 14. b5 Bd7 15. O-O Rb8 16. bxc6 Bxc6 17. Qc2 h6 18. Rfc1 Qd7 19. d3 Rfc8 20. Qd2 Nd5 21. h3 Nf6 22. Rab1 Qa7 23. Ba1 a4 24. Qd1 Bc5 25. Rxb8 Qxb8 26. Nxe5 Bd5 27. Nc4 Bxc4 28. Rxc4 Bxa3 29. Rxc8+ Qxc8 30. Qxa4 Qc1+ 31. Qd1 Qc7 32. Bxf6 gxf6 33. Qb3 Qc1+ 34. Bf1 Bc5 35. d4 Ba3 36. g3 Kg7 37. h4 Qb2 38. Qd5 Bb4 39. Qf3 Be1 40. Kg2 Qd2 41. Bb5 Qb2 42. Bd7 Qd2 43. Bh3 Qb2 44. Bf5 Qd2 45. Be4 Qb2 46. Qf5 Kf8 47. Qxf6 Qe2 48. Qxd6+ Kg7 49. Qe5+ Kf8 50. Qf4 Kg7 51. Qf5 Qd2 52. Qh7+ Kf8 53. Qxh6+ Ke7 54. Qg5+ f6 55. Qf4 Qe2 56. Qf3 Qb2 57. h5 Kf7 58. h6 Qa2 59. Bd5+ Qxd5 60. Qxd5+ 1-0


[Site "https://www.chess.com"]

[Event "Titled Tuesday Blitz October 26 2021"]
[White "Moroni, Luca Jr"]
[Black "Arencibia Monduy, Antonio"]
[WhiteFideId "865834"]
[BlackFideId "3507939"]
[WhiteElo "2491"]
[BlackElo "2597"]
[Result "1-0"]
[Round "03"]
[TimeControl "180+1"]
[Date "2021.10.26"]
[WhiteClock "0:00:03"]
[BlackClock "0:00:15"]

1. d4 Nf6 2. c4 e6 3. Nc3 c5 4. Nf3 cxd4 5. Nxd4 d5 6. cxd5 exd5 7. g3 Nc6 8. Bg2 Bc5 9. Nb3 Bb4 10. O-O Be6 11. Nb5 O-O 12. Bf4 Rc8 13. Rc1 a6 14. N5d4 Nxd4 15. Nxd4 Qb6 16. Nb3 Rfd8 17. Bg5 Be7 18. Qd4 Qxd4 19. Nxd4 h6 20. Bf4 Bc5 21. Nxe6 fxe6 22. Rfd1 Kf7 23. e3 b5 24. h3 Rc6 25. b4 Rdc8 26. bxc5 Rxc5 27. Rxc5 Rxc5 28. Rd2 Nd7 29. Bd6 Rc6 30. Bb4 Rc4 31. a3 Nb6 32. Bf1 Rc1 33. Kg2 Kf6 34. e4 dxe4 35. Rd6 Nd5 36. Rxa6 e3 37. Bd3 Rd1 38. Bxb5 Nc7 39. Ra5 Nxb5 40. Rxb5 e2 41. a4 e1=Q 42. Bxe1 Rxe1 43. a5 Ra1 44. h4 g5 45. h5 Ra4 46. Kf3 g4+ 47. Ke3 e5 48. Ke2 Kf5 49. Kd3 Ra2 50. Ke3 Ra3+ 51. Ke2 Ra2+ 52. Kf1 Ra1+ 53. Kg2 Ra2 54. Rb6 Ra3 55. Rxh6 Rxa5 56. Rh8 Ra2 57. Rg8 e4 58. h6 e3 59. h7 e2 60. h8=Q e1=Q 61. Qh7+ Kf6 62. Rf8+ Kg5 63. Rf5# 1-0


[Site "https://www.chess.com"]

[Event "Titled Tuesday Blitz October 26 2021"]
[White "Nakamura, Hikaru"]
[Black "Garriga Cazorla, Pere"]
[WhiteFideId "2016192"]
[BlackFideId "32011601"]
[WhiteElo "2884"]
[BlackElo "2458"]
[Result "1-0"]
[Round "03"]
[TimeControl "180+1"]
[Date "2021.10.26"]
[WhiteClock "0:01:43"]
[BlackClock "0:00:23"]

1. Nf3 c5 2. e4 Nc6 3. c3 Nf6 4. Bd3 d5 5. e5 Ng4 6. Bb5 Qb6 7. Qe2 a6 8. Bxc6+ Qxc6 9. d4 Nh6 10. h3 Nf5 11. g4 Nh6 12. Nbd2 Ng8 13. dxc5 h5 14. g5 Qxc5 15. g6 fxg6 16. e6 h4 17. Nb3 Qd6 18. Nbd4 Nf6 19. Ng5 Rh5 20. Rg1 b6 21. f3 Bb7 22. a4 Qc7 23. Be3 O-O-O 24. O-O-O Kb8 25. Kb1 Ka8 26. Rc1 Rc8 27. b3 Qd6 28. Kb2 Qc7 29. Qd2 Ne8 30. c4 dxc4 31. Rxc4 Qb8 32. Rxc8 Qxc8 33. Rc1 Qd8 34. Qb4 Nd6 35. Nc6 Qc8 36. Qxb6 1-0


[Site "https://www.chess.com"]

[Event "Titled Tuesday Blitz October 26 2021"]
[White "Nenezic, Marko"]
[Black "Avramidou, Anastasia"]
[WhiteFideId "912123"]
[BlackFideId "4239873"]
[WhiteElo "2484"]
[BlackElo "2183"]
[Result "1-0"]
[Round "03"]
[TimeControl "180+1"]
[Date "2021.10.26"]
[WhiteClock "0:01:09"]
[BlackClock "0:00:59"]

1. Nf3 Nf6 2. c4 e6 3. g3 d5 4. b3 d4 5. Bg2 c5 6. O-O Nc6 7. e3 e5 8. d3 Be7 9. exd4 exd4 10. Re1 O-O 11. Bf4 Bg4 12. h3 Bxf3 13. Bxf3 Qd7 14. Bg2 Rfe8 15. a3 a5 16. Nd2 h6 17. Qf3 Bd6 18. g4 Bxf4 19. Qxf4 Rxe1+ 20. Rxe1 Re8 21. Rxe8+ Qxe8 22. Ne4 Nxe4 23. Qxe4 Qxe4 24. Bxe4 Nd8 25. Kg2 Kf8 26. Kg3 Ke7 27. h4 b6 28. Kf4 Kd6 29. Bd5 g6 30. h5 Ne6+ 31. Kg3 g5 32. Bxe6 Kxe6 33. f4 f6 34. Kf3 Kd6 35. Ke4 Ke6 36. fxg5 fxg5 37. a4 Ke7 38. Ke5 Kf7 39. Kd6 Kf6 40. Kd5 Kf7 41. Kc6 Ke6 42. Kxb6 Ke5 43. Kxc5 Kf4 44. Kb6 Kxg4 45. c5 Kf3 46. c6 g4 47. c7 g3 48. c8=Q g2 49. Qf5+ 1-0


[Site "https://www.chess.com"]

[Event "Titled Tuesday Blitz October 26 2021"]
[White "Obregon, Andres Carlos"]
[Black "Stoyanov, Tsvetan"]
[WhiteFideId "111724"]
[BlackFideId "2917173"]
[WhiteElo "2572"]
[BlackElo "2191"]
[Result "1-0"]
[Round "03"]
[TimeControl "180+1"]
[Date "2021.10.26"]
[WhiteClock "0:00:29"]
[BlackClock "0:00:14"]

1. Nf3 c5 2. g3 Nc6 3. c4 g6 4. Bg2 Bg7 5. O-O e6 6. Nc3 Nge7 7. d4 cxd4 8. Nb5 O-O 9. Nfxd4 Nxd4 10. Nxd4 d5 11. cxd5 exd5 12. Bg5 h6 13. Be3 Nf5 14. Nxf5 Bxf5 15. Bd4 Be4 16. Bxg7 Kxg7 17. f3 Bf5 18. Qd4+ Qf6 19. Rfd1 Rfe8 20. Kf2 Rac8 21. Qxf6+ Kxf6 22. Rd2 h5 23. Rad1 Be6 24. f4 d4 25. b3 Bg4 26. Bxb7 Rc7 27. Bg2 Rce7 28. Bf1 d3 29. Rxd3 Bxe2 30. Rd6+ Kg7 31. R1d2 Bxf1 32. Kxf1 Re1+ 33. Kg2 R8e2+ 34. Kh3 Rxd2 35. Rxd2 Kf6 36. Rd6+ Kg7 37. Ra6 Re7 38. b4 Rb7 39. a3 Kf8 40. Kh4 Ke7 41. Kg5 Rb5+ 42. Kh6 Rb7 43. Kg7 Ke8 44. h3 Ke7 45. g4 hxg4 46. hxg4 Ke8 47. Kf6 Rc7 48. f5 gxf5 49. gxf5 Rb7 50. Kg7 Rc7 51. a4 Rc4 52. b5 Rc7 53. f6 Kd8 54. Kf8 Kc8 55. Rc6 1-0


[Site "https://www.chess.com"]

[Event "Titled Tuesday Blitz October 26 2021"]
[White "Petesch, Gabriel"]
[Black "Grigorjev, Iljya"]
[WhiteFideId "2032465"]
[BlackFideId "24159565"]
[WhiteElo "2374"]
[BlackElo "2124"]
[Result "1/2-1/2"]
[Round "03"]
[TimeControl "180+1"]
[Date "2021.10.26"]
[WhiteClock "0:00:49"]
[BlackClock "0:00:17"]

1. Nf3 Nf6 2. b3 g6 3. Bb2 Bg7 4. g3 O-O 5. Bg2 c5 6. c4 e6 7. O-O Nc6 8. d4 cxd4 9. Nxd4 d5 10. cxd5 Nxd5 11. Nxc6 bxc6 12. Bxg7 Kxg7 13. Qc2 Ba6 14. Nc3 Rc8 15. Rac1 Nxc3 16. Qxc3+ Qf6 17. Qxf6+ Kxf6 18. Rc2 c5 19. Rfc1 Rfd8 20. e3 Rc7 21. Bf1 Bxf1 22. Kxf1 Rd5 23. h4 h5 24. Ke2 Ke7 25. f4 f5 26. Rc4 e5 27. fxe5 Rxe5 28. Kf3 Kf6 29. R1c3 a5 30. Ra4 Ra7 31. Rac4 Rc7 32. Rd3 Rce7 33. Rd6+ R7e6 34. Rd3 Re7 35. Rdc3 Rc7 1/2-1/2


[Site "https://www.chess.com"]

[Event "Titled Tuesday Blitz October 26 2021"]
[White "Piesik, Piotr"]
[Black "Bluebaum, Matthias"]
[WhiteFideId "1136194"]
[BlackFideId "24651516"]
[WhiteElo "2336"]
[BlackElo "2681"]
[Result "0-1"]
[Round "03"]
[TimeControl "180+1"]
[Date "2021.10.26"]
[WhiteClock "0:00:24"]
[BlackClock "0:00:31"]

1. Nf3 d5 2. g3 Bg4 3. Bg2 e6 4. O-O Nf6 5. d3 Be7 6. Nbd2 c5 7. e4 Nc6 8. h3 Bh5 9. c3 O-O 10. Qc2 Qc7 11. Re1 Rad8 12. Nf1 h6 13. Bf4 Qb6 14. Ne5 Nxe5 15. Bxe5 Bg6 16. c4 dxe4 17. dxe4 Nd7 18. Bc3 Nb8 19. f4 Nc6 20. f5 Bh7 21. Qf2 Nd4 22. Rad1 Kh8 23. g4 Qc7 24. Kh1 Bf6 25. Nd2 Be5 26. Rf1 b6 27. Nf3 Nxf3 28. Qxf3 Bxc3 29. Qxc3 Rxd1 30. Rxd1 Rd8 31. Rxd8+ Qxd8 32. Qe5 Bg8 33. Kh2 f6 34. Qc3 e5 35. b3 Qd1 36. Bf3 Qd7 37. Kg3 Bf7 38. h4 Kg8 39. Qe3 a5 40. a4 Qd4 41. Kf2 Kf8 42. Be2 Ke7 43. Bf3 Be8 44. Bg2 Qb2+ 45. Kg3 Bc6 46. Bf3 Qd4 47. Kf2 Kd6 48. Bg2 Qb2+ 49. Kg3 Qb1 50. Bf3 Qc2 51. Bg2 Kc7 52. Bf3 Kb7 53. Bg2 Kc8 54. Bf3 Kc7 55. Bg2 Qb2 56. Bf3 Qd4 57. Kf2 Be8 58. h5 Bc6 59. Bg2 Qb2+ 60. Kg3 Qc2 61. Bf3 Kb7 62. Bg2 Kc8 63. Bf3 Kc7 64. Bg2 Bxa4 65. bxa4 Qxc4 66. Qa3 Qb4 67. Qa2 c4 68. Bf1 Qb3+ 69. Qxb3 cxb3 70. Bd3 Kd6 71. Kf2 Kc5 72. Ke3 Kb4 73. Kd2 Kxa4 74. Kc3 b5 75. Kb2 Kb4 76. Be2 a4 77. Bf1 a3+ 78. Kb1 Kc5 79. Be2 b4 80. Ba6 Kd4 81. Bb7 Kc3 82. Bd5 a2+ 83. Ka1 b2+ 84. Kxa2 Kc2 0-1


[Site "https://www.chess.com"]